 Dungeon Crawl Stone Soup version 0.17.1-1-g73c8601 (webtiles) character file.

1778 WhatsThis the Ducker (level 8, -2/66 HPs)
             Began as a Purple Draconian Conjurer on Dec 11, 2015.
             Was an Initiate of Vehumet.
             Slain by SaintRoka's ghost (4 damage)
             ... on level 6 of the Dungeon.
             The game lasted 02:04:03 (8051 turns).

WhatsThis the Ducker (Purple Draconian Conjurer)    Turns: 8051, Time: 02:04:03

Health: -2/66      AC: 12    Str: 10    XL:     8   Next: 81%
Magic:  15/15      EV: 15    Int: 18    God:    Vehumet [......]
Gold:   333        SH:  0    Dex: 12    Spells: 5 memorised, 4 levels left

rFire  + . .     SeeInvis .     G - +4 quarterstaff (chaos)
rCold  x . .     Clarity  .     (armour unavailable)
rNeg   . . .     SustAt   .     (shield currently unavailable)
rPois  .         Gourm    .     y - +0 hat
rElec  .         Spirit   .     H - +0 cloak
rCorr  .         Warding  .     (no gloves)
rMut   .         Stasis   .     n - +0 pair of boots
MR     +....                    w - amulet of regeneration
Stlth  ++........               x - ring of fire
                                v - +4 ring of protection

@: very slightly contaminated, slowed, very slow, somewhat resistant to hostile
enchantments, unstealthy
A: breathe power, unfitting armour, cold-blooded, AC +6
a: Breathe Dispelling Energy, Renounce Religion


You were on level 6 of the Dungeon.
You worshipped Vehumet.
Vehumet was noncommittal.
You were not hungry.

You visited 2 branches of the dungeon, and saw 7 of its levels.

You collected 333 gold pieces.

Inventory:

Hand Weapons
 u - a +0 hunting sling
 E - a +0 dagger of draining
 F - a +0 blowgun
 G - a +4 quarterstaff of chaos (weapon)
 L - a +0 shortbow
Missiles
 f - 66 stones (quivered)
 i - 33 poisoned needles
 r - 8 javelins
 R - 59 arrows
Armour
 n - a +0 pair of boots (worn)
 y - a +0 hat (worn)
 H - a +0 cloak (worn)
Jewellery
 b - an uncursed amulet of resist corrosion
 g - an uncursed ring of teleportation
 q - an uncursed ring of see invisible
 v - a +4 ring of protection (left hand)
 w - an amulet of regeneration (around neck)
 x - a ring of fire (right hand)
 T - an uncursed ring of flight
Wands
 B - a wand of confusion (15)
 S - a wand of disintegration (6)
Scrolls
 d - a scroll of recharging
 h - 3 scrolls of teleportation
 s - a scroll of enchant armour {unknown}
 C - a scroll of immolation
 K - 2 scrolls of remove curse
 V - a scroll of amnesia {unknown}
 W - a scroll of fog {unknown}
Potions
 j - a potion of haste
 l - a potion of magic {unknown}
 m - 3 potions of might
 z - a potion of flight {unknown}
 A - a potion of lignification {unknown}
 M - a potion of brilliance {unknown}
 Q - a potion of invisibility {unknown}
 Y - a potion of agility {unknown}
Books
 a - a book of Conjurations

   Spells                             Type                      Level
   a - Magic Dart                     Conjuration                  1
   b - Searing Ray                    Conjuration                  2
   c - Dazzling Spray                 Conjuration/Hexes            3
   d - Fulminant Prism                Conjuration/Hexes            4
   e - Iskenderun's Mystic Blast      Conjuration                  4
   f - Iskenderun's Battlesphere      Conjuration/Charms           5
 D - a Necronomicon

   Spells                             Type                      Level
   a - Haunt                          Necromancy/Summoning         7
   b - Borgnjor's Revivification      Necromancy                   8
   c - Death's Door                   Charms/Necromancy            8
   d - Necromutation                  Transmutation/Necromancy     8
 N - a book of Transfigurations

   Spells                             Type                      Level
   a - Stoneskin                      Transmutation/Earth          2
   b - Irradiate                      Conjuration/Transmutation    5
   c - Statue Form                    Transmutation/Earth          6
   d - Hydra Form                     Transmutation                6
   e - Dragon Form                    Transmutation                7
 X - a book of Enchantments

   Spells                             Type                      Level
   a - Cause Fear                     Hexes                        4
   b - Silence                        Hexes/Air                    5
   c - Deflect Missiles               Charms/Air                   6
   d - Haste                          Charms                       6
   e - Discord                        Hexes                        8
Comestibles
 c - 4 meat rations
 p - 7 fruits
 O - 2 royal jellies
 U - a beef jerky


   Skills:
 + Level 3.8 Fighting
   Level 3.3(4.1) Polearms
 + Level 3.5(4.1) Staves
 + Level 0.1 Throwing
 + Level 6.1 Dodging
 + Level 3.0 Stealth
 + Level 0.6 Unarmed Combat
 + Level 4.7 Spellcasting
 + Level 6.0 Conjurations
 + Level 0.9 Hexes
 + Level 0.4 Evocations


You had 4 spell levels left.
You knew the following spells:

 Your Spells              Type           Power        Failure   Level  Hunger
a - Magic Dart            Conj           ####         1%          1    None
b - Searing Ray           Conj           ####..       1%          2    #......
c - Dazzling Spray        Conj/Hex       ###.....     12%         3    ###....
d - Iskenderun's Mystic   Conj           ####....     14%         4    ####...
e - Stoneskin             Trmt/Erth      #.......     21%         2    #......


Dungeon Overview and Level Annotations

Branches:
Dungeon (6/15)             Temple (1/1) D:5

Altars:
Ashenzari
Cheibriados
Elyvilon
Fedhas
Gozag
Kikubaaqudgha
Makhleb
Okawaru
Qazlal
Ru
Sif Muna
Trog
Vehumet
Xom
Yredelemnul
Zin
The Shining One

Shops:
D:4 =

Annotations:
D:6 SaintRoka's ghost, novice CeAr


Innate Abilities, Weirdness & Mutations

You can breathe bolts of dispelling energy.
Your rich purple scales are hard (AC +6).
Your body does not fit into most forms of armour.
You are cold-blooded and may be slowed by cold attacks.


Message History

You flicker back into view.
SaintRoka's ghost hits you!
* * * LOW HITPOINT WARNING * * *
x2 SaintRoka's ghost hits you but does no damage.
You are poisoned.
You feel sick.
You feel sick. SaintRoka's ghost misses you.
You feel better.
SaintRoka's ghost hits you but does no damage.
There is an open door here.
SaintRoka's ghost wails, "They lied to you.
The Dungeon just goes down and down forever."
SaintRoka's ghost hits you!
* * * LOW HITPOINT WARNING * * *
SaintRoka's ghost freezes you.
* * * LOW HITPOINT WARNING * * *
You feel yourself slow down.
You feel better. SaintRoka's ghost hits you!
* * * LOW HITPOINT WARNING * * *
You die...

####......#############
#........##...##.......
#........#.....#.......
#........'.....#.......
#........#.....'.......
###########........#'###'#.......
..##...##.####..............#####
.............'..............#....
.............#.W@...........#....
.............#..............#....
.............#..............#....
$............#..............'....
..##...###...#[.............#####
..##...# #######.....###'##......
..>...... #.....#....#......
.........# #.....#....#.....^
.........# .. #....#......


You could see SaintRoka's ghost.

Vanquished Creatures
  Grinder (D:3)
  Sigmund (D:2)
  Edmund (D:4)
  A water moccasin (D:5)
  A sky beast (D:6)
  A phantom (D:4)
  2 ogres
  Blork the orc (D:5)
  2 centaurs (D:5)
  Crazy Yiuf (D:3)
  4 orc priests
  Ijyb (D:2)
  Terence (D:2)
  Natasha (thrice) (D:3)
  3 orc wizards
  An iguana (D:6)
  A worker ant (D:5)
  Robin (D:2)
  7 gnolls
  6 adders
  3 oozes
  2 worms
  4 giant geckos
  20 orcs
  A ball python (D:4)
  8 bats
  11 hobgoblins
  2 quokkas (D:4)
  7 giant cockroaches
  A giant gecko zombie (D:5)
  4 giant newts
  23 goblins
  12 jackals
  A jackal skeleton (D:5)
  9 kobolds
  A quokka skeleton (D:5)
  7 rats
156 creatures vanquished.

Notes
Turn   | Place    | Note
--------------------------------------------------------------
     0 | D:1      | WhatsThis the Draconian Conjurer began the quest for the Orb.
     0 | D:1      | Reached XP level 1. HP: 14/14 MP: 3/3
   329 | D:1      | Reached XP level 2. HP: 20/20 MP: 5/5
   878 | D:1      | Learned a level 2 spell: Searing Ray
  1261 | D:2      | Reached XP level 3. HP: 10/26 MP: 4/6
  1744 | D:2      | Noticed Sigmund
  1745 | D:2      | Noticed Terence
  1862 | D:2      | Learned a level 3 spell: Dazzling Spray
  1878 | D:2      | Killed Sigmund
  1878 | D:2      | Reached skill level 1 in Fighting
  1878 | D:2      | Reached skill level 1 in Polearms
  1878 | D:2      | Reached XP level 4. HP: 7/35 MP: 5/7
  1878 | D:2      | Reached XP level 5. HP: 8/40 MP: 5/8
  2105 | D:2      | Noticed Robin
  2526 | D:2      | Killed Robin
  2696 | D:2      | Noticed Ijyb
  2736 | D:2      | Killed Terence
  2736 | D:2      | Reached XP level 6. HP: 37/47 MP: 1/9
  2793 | D:2      | Killed Ijyb
  2892 | D:2      | Found an ancient bone altar of Kikubaaqudgha.
  3020 | D:2      | Learned a level 4 spell: Iskenderun's Mystic Blast
  3124 | D:2      | Found an iron altar of Okawaru.
  3461 | D:3      | Noticed Grinder
  3573 | D:3      | Killed Grinder
  3573 | D:3      | Reached skill level 5 in Conjurations
  3573 | D:3      | Your scales start taking on a rich purple colour.
  3573 | D:3      | Reached XP level 7. HP: 55/55 MP: 1/12
  3675 | D:3      | Found a basalt altar of Yredelemnul.
  3733 | D:3      | Found a white marble altar of Elyvilon.
  3957 | D:3      | Noticed Crazy Yiuf
  3971 | D:3      | Killed Crazy Yiuf
  4202 | D:3      | Noticed Natasha
  4225 | D:3      | Killed Natasha
  4259 | D:3      | Noticed Natasha
  4263 | D:3      | Killed Natasha
  4647 | D:3      | Noticed Natasha
  4665 | D:3      | Killed Natasha
  5056 | D:4      | Found Baisk's Jewellery Shop.
  5157 | D:4      | Noticed Edmund
  5178 | D:4      | Killed Edmund
  5178 | D:4      | Reached skill level 1 in Staves
  5178 | D:4      | Reached skill level 5 in Dodging
  5243 | D:4      | Reached XP level 8. HP: 62/62 MP: 14/14
  5470 | D:4      | Found a glowing silver altar of Zin.
  5781 | D:5      | Entered Level 5 of the Dungeon
  6065 | D:5      | Learned a level 2 spell: Stoneskin
  6317 | D:5      | Found a staircase to the Ecumenical Temple.
  6347 | D:5      | Noticed Blork the orc
  6358 | D:5      | Killed Blork the orc
  6370 | Temple   | Entered the Ecumenical Temple
  6440 | Temple   | Became a worshipper of Vehumet
  6845 | D:5      | Found a glowing golden altar of the Shining One.
  7105 | D:6      | Reached skill level 6 in Dodging
  7139 | D:6      | Noticed SaintRoka's ghost (novice CeAr)
  7164 | D:6      | Paralysed by SaintRoka's ghost for 2 turns
  7310 | D:6      | Paralysed by SaintRoka's ghost for 6 turns
  7320 | D:5      | HP: 3/64 [poisoned by SaintRoka's ghost]
  7326 | D:5      | HP: 3/64 [poisoned by SaintRoka's ghost]
  8025 | D:6      | Paralysed by SaintRoka's ghost for 6 turns
  8051 | D:6      | HP: 2/66 [SaintRoka's ghost (11)]
  8051 | D:6      | Slain by SaintRoka's ghost

Action                   |  1- 3 |  4- 6 |  7- 9 || total
-------------------------+-------+-------+-------++-------
Melee: Spear             |    68 |       |       ||    68
       Unarmed           |     4 |       |       ||     4
       Trident           |    16 |    80 |    96 ||   192
       Quarterstaff      |       |       |   142 ||   142
Throw: Stone             |     3 |       |       ||     3
 Cast: Magic Dart        |    21 |    63 |    89 ||   173
       Searing Ray       |       |     7 |    13 ||    20
       Dazzling Spray    |       |     3 |     6 ||     9
Evoke: Wand              |       |       |     5 ||     5
  Use: Scroll            |     1 |     4 |    13 ||    18
       Potion            |     1 |       |     3 ||     4
 Stab: Sleeping          |     1 |       |     1 ||     2
       Confused          |       |       |     1 ||     1
  Eat: Chunk             |     1 |     5 |     6 ||    12
       Bread ration      |     1 |       |     3 ||     4
